 Dungeon Crawl Stone Soup version 0.31-a0-521-gc7390f8997 (webtiles) character file.

Game seed: 8300956844150915361

454 MisterAzrael the Slasher (level 6, -5/52 HPs)
             Began as a Minotaur Fighter on Aug 10, 2023.
             Slain by a wyvern (9 damage)
             ... on level 4 of the Dungeon.
             The game lasted 00:02:53 (2815 turns).

MisterAzrael the Slasher (Minotaur Fighter)         Turns: 2815, Time: 00:02:53

Health: -5/52      AC: 12    Str: 21    XL:     6   Next: 76%
Magic:  5/5        EV:  5    Int:  5    God:
Gold:   224        SH:  4    Dex: 11    Spells: 5/5 levels left

rFire   . . .        a - +0 long sword
rCold   . . .        c - +0 buckler
rNeg    . . .        v - +0 plate armour
rPois   .            (helmet restricted)
rElec   .            (no cloak)
rCorr   .            (no gloves)
SInv    .            e - +0 pair of boots
Will    .....        s - amulet of regeneration Stlth
                     (no ring)
HPRegen 1.08/turn    (no ring)
MPRegen 0.09/turn

%: no passive effects
@: mighty
A: horns 2, retaliatory headbutt
a: no special abilities


You were on level 4 of the Dungeon.
You visited 1 branch of the dungeon, and saw 4 of its levels.

You collected 224 gold pieces.

Inventory:

Hand Weapons
 a - a +0 long sword (weapon)
Missiles
 g - 5 boomerangs (quivered)
Armour
 b - a +0 scale mail
 c - a +0 buckler (worn)
 e - a +0 pair of boots (worn)
 v - a +0 plate armour (worn)
Jewellery
 d - a ring of fire
 i - a +6 ring of intelligence
 q - a +6 ring of intelligence
 s - an amulet of regeneration (around neck)
Scrolls
 f - 2 scrolls of poison {unknown}
 h - a scroll of enchant weapon {unknown}
 j - 6 scrolls of identify {unknown}
 k - a scroll of enchant armour {unknown}
 m - a scroll of amnesia {unknown}
 r - a scroll of revelation {unknown}
 t - a scroll of torment {unknown}
 w - a scroll of teleportation {unknown}
Potions
 l - a potion of degeneration {unknown}
 n - a potion of heal wounds {unknown}
 p - a potion of mutation {unknown}
 u - a potion of brilliance {unknown}


   Skills:
 - Level 3.7 Fighting
 + Level 6.4 Long Blades
 + Level 4.6 Throwing
 - Level 3.7 Armour
 - Level 3.7 Shields


You had 5 spell levels left.
You didn't know any spells.
Your spell library contained the following spells:

 Spells                   Type           Power      Damage    Failure   Level
 Volatile Blastmotes      Fire/Tloc      0%         2d10      100%        3
 Fulminant Prism          Conj/Hex       0%         3d5       100%        4
 Iskenderun's Mystic Bla  Conj/Tloc      0%         2d3       100%        4


Dungeon Overview and Level Annotations

Branches:
Dungeon (4/15)
 Temple: D:4-7

Altars:

Shops:
D:1 **!?=

Annotations:
D:4 Dowan, Duvessa


Innate Abilities, Weirdness & Mutations

You have a pair of horns on your head.
You reflexively headbutt those who attack you in melee.


Message History

The adder bites you but does no damage.
The wyvern moves out of view.
You barely miss the adder.
Duvessa shouts!
Your headbutt misses the adder. The adder bites you but does no damage.
You slash the adder!
The adder is severely wounded.
The adder bites you but does no damage. The goblin hits you but does no damage.
The wyvern hisses angrily.
You slash the adder!
You kill the adder!
You block the goblin's attack.
You closely miss the goblin. The goblin hits you but does no damage.
You slash the goblin!
You kill the goblin!
Dowan gestures wildly while chanting.
Dowan blinks!
The wyvern bites you.
You see here an adder corpse.
You barely miss the wyvern. The wyvern completely misses you.
You furiously retaliate!
You headbutt the wyvern.
The wyvern bites you but does no damage.
You hit the wyvern.
The wyvern is moderately wounded.
The wyvern bites you.
You feel very mighty all of a sudden. The wyvern bites you! x2
You slash the wyvern! Your headbutt misses the wyvern.
The wyvern is severely wounded.
The wyvern bites you.
Dowan says, "Magic and the sword, together, will defeat you."
You barely miss the wyvern.
The wyvern is severely wounded.
The wyvern bites you. The wyvern bites you!
* * * LOW HITPOINT WARNING * * *
You closely miss the wyvern.
The wyvern is severely wounded.
The wyvern bites you!
* * * LOW HITPOINT WARNING * * *
The wyvern bites you!
You die...

#.... #.... ....
... .. #e
####l######
#....@....#
#....).##.... #
#..###.# # #.#..
#.######..
#....###..?......
##.......######.#
#.#.†)...#
......##.#.#
####. #.#.#


You could see Duvessa and a wyvern.

Vanquished Creatures
  Sigmund (D:2)
  2 hounds (D:4)
  Natasha (thrice) (D:2)
  6 adders
  4 worms
  7 orcs
  3 bats
  6 endoplasms
  A giant cockroach (D:2)
  11 goblins
  15 hobgoblins
  4 quokkas
  4 ball pythons
  6 frilled lizards
  5 kobolds
  3 rats (D:1)
81 creatures vanquished.

Notes
Turn   | Place    | Note
-------+----------+-------------------------------------------
     0 | D:1      | MisterAzrael the Minotaur Fighter began the quest for the
                  | Orb.
     0 | D:1      | Reached XP level 1. HP: 19/19 MP: 0/0
   109 | D:1      | Found Ugrek's Magic Scroll Shoppe.
   163 | D:1      | Reached XP level 2. HP: 27/27 MP: 1/1
   230 | D:1      | Reached skill level 3 in Long Blades
   276 | D:1      | Found Fahifeir's Assorted Antiques.
   309 | D:1      | Found Enodafeu's General Store.
   320 | D:1      | Reached skill level 1 in Throwing
   419 | D:1      | Found Qicleq's Distillery.
   785 | D:1      | Found Pitsemm's Jewellery Shoppe.
   880 | D:2      | Reached XP level 3. HP: 33/33 MP: 2/2
   927 | D:2      | Noticed Sigmund
   948 | D:2      | Killed Sigmund
   949 | D:2      | Reached skill level 5 in Long Blades
   949 | D:2      | Reached XP level 4. HP: 15/40 MP: 3/3
   949 | D:2      | Reached XP level 5. HP: 18/46 MP: 4/4
  1192 | D:2      | Noticed Natasha
  1196 | D:2      | Killed Natasha
  1391 | D:2      | Identified the +0 helmet "Zigeog" {rPois rCorr Int+3 Dex+3}
  1413 | D:2      | Noticed Natasha
  1421 | D:2      | Killed Natasha
  1422 | D:2      | Reached XP level 6. HP: 31/52 MP: 5/5
  1883 | D:2      | Noticed Natasha
  1890 | D:2      | Killed Natasha
  2395 | D:3      | Reached skill level 6 in Long Blades
  2615 | D:3      | Found a faded altar of an unknown god.
  2799 | D:4      | Noticed Dowan
  2803 | D:4      | Noticed a wyvern
  2803 | D:4      | Noticed Duvessa
  2815 | D:4      | Slain by a wyvern

Illustrated notes

Levels and vault maps discovered:
D:1:      dpeg_arrival_simpleton_c, layout_basic, serial_shops, shop,
          nicolae_shop_rolling_square, shop_statue, nicolae_shop_hallway_stairs,
          shop
D:2:      layout_loops_corners, uniq_sigmund, uniq_natasha
D:3:      layout_rooms, dreamdust_ecumenical_altar_hidden_monk_grotto,
          st_stairs_10, nicolae_figureground_sparkle
D:4:      layout_loops_ring, uniq_duvessa

Skill      XL: |  1  2  3  4  5  6 |
---------------+-------------------+-----
Long Blades    | 3 5 6 |  6.4
Throwing       | 1 3 4 |  4.6
Fighting       | |  3.7
Armour         | |  3.7
Shields        | |  3.7

Action                     |  1- 3 |  4- 6 || total
---------------------------+-------+-------++-------
  Melee: Long sword        |    72 |   130 ||   202
         Headbutt          |     9 |    14 ||    23
  Throw: Boomerang         |     8 |     6 ||    14
    Use: Potion            |     1 |     1 ||     2
 Armour: Scale mail        |    32 |    35 ||    67
         Plate armour      |       |    20 ||    20
  Dodge: Dodged            |    34 |    59 ||    93
  Block: Buckler           |    14 |    21 ||    35

Table legend: (Time is in decaauts)
 A = Elapsed time spent in this place.
 B = Non-inter-level travel time spent in this place.
 C = Inter-level travel time spent in this place.
 D = Time resting spent in this place.
 E = Time spent auto-exploring this place.
 F = Levels seen in this place.
 G = Mean time per level.
                   A        B        C        D        E       F      G
               +--------+--------+--------+--------+--------+-----+--------+
         Total |   2853 |   2804 |     49 |     46 |   2224 |   4 |  713.2 |
       Dungeon |   2853 |   2804 |     49 |     46 |   2224 |   4 |  713.2 |
               +--------+--------+--------+--------+--------+-----+--------+

Top non-repeatable levels by time:
     D:2: 1137 daAuts
     D:1: 861 daAuts
     D:3: 684 daAuts
     D:4: 168 daAuts
